 Dungeon Crawl Stone Soup version 0.31-a0-1496-g79c7dd0eeb (webtiles) character file.

Game seed: 8130969994620550876

3476 inmateoo the Cleaver (level 9, 0/81 HPs)
             Began as a Minotaur Fighter on Dec 29, 2023.
             Was an Initiate of the Shining One.
             Slain by an orc warlord
             ... wielding a +4 battleaxe
              (17 damage)
             ... in a bailey on Dec 30, 2023.
             The game lasted 00:05:45 (5405 turns).

inmateoo the Cleaver (Minotaur Fighter)             Turns: 5405, Time: 00:05:45

Health: 0/81       AC: 14    Str: 24    XL:     9   Next: 79%
Magic:  8/8        EV: 11    Int:  5    God:    the Shining One [......]
Gold:   363        SH:  6    Dex: 17    Spells: 8/8 levels left

rFire   . . .        a - +0 war axe
rCold   . . .        c - +0 buckler
rNeg    . . .        f - +0 chain mail
rPois   .            (helmet restricted)
rElec   .            s - +1 cloak
rCorr   .            (no gloves)
SInv    .            b - +0 pair of boots
Will    +....        (no amulet) Stlth
                     q - +6 ring of dexterity
HPRegen 0.33/turn    t - ring of willpower
MPRegen 0.11/turn

%: no passive effects
@: hasted, glowing, very quick
A: horns 2, retaliatory headbutt
a: Renounce Religion


You were in a bailey.
You worshipped the Shining One.
The Shining One was noncommittal.
You visited 2 branches of the dungeon, and saw 8 of its levels.
You also visited: Bailey.

You collected 363 gold pieces.

Inventory:

Hand Weapons
 a - a +0 war axe (weapon)
Armour
 b - a +0 pair of boots (worn)
 c - a +0 buckler (worn)
 f - a +0 chain mail (worn)
 s - a +1 cloak (worn)
Jewellery
 q - a +6 ring of dexterity (left hand)
 t - a ring of willpower (right hand)
Wands
 e - a wand of acid (1)
 m - a wand of mindburst (17)
 n - a wand of paralysis (7)
 o - a wand of flame (23)
 p - a wand of roots (16)
Scrolls
 k - 3 scrolls of revelation
 l - 3 scrolls of fog
Potions
 d - 2 potions of might
 h - 2 potions of curing
 i - a potion of enlightenment
 r - a potion of mutation
 u - 3 potions of brilliance
 w - a potion of heal wounds {unknown}


   Skills:
 + Level 7.8 Fighting
 * Level 10.1 Axes
 + Level 7.8 Armour
 + Level 5.8 Dodging
 + Level 7.7 Shields


You had 8 spell levels left.
You didn't know any spells.
Your spell library contained the following spells:

 Spells                   Type           Power      Damage    Failure   Level
 Slow                     Hex            0%         N/A       96%         1
 Call Canine Familiar     Summ           0%         N/A       100%        3
 Confusing Touch          Hex            0%         N/A       100%        3
 Sigil of Binding         Hex            0%         N/A       100%        3
 Vampiric Draining        Necr           0%         2d6       100%        3
 Dimensional Bullseye     Hex/Tloc       0%         N/A       100%        4


Dungeon Overview and Level Annotations

Branches:
Dungeon (7/15)             Temple (1/1) D:7          Bailey (1/1)

Altars:
Ashenzari
Cheibriados
Dithmenos
Elyvilon
Fedhas
Gozag
Hepliaklqana
Kikubaaqudgha
Makhleb
Nemelex Xobeh
Okawaru
Qazlal
Ru
Sif Muna
Trog
Uskayaw
Vehumet
Wu Jian
Xom
Yredelemnul
Zin
The Shining One

Shops:
D:2 =


Innate Abilities, Weirdness & Mutations

You have a pair of horns on your head.
You reflexively headbutt those who attack you in melee.


Message History

Press: ? - help, Shift-Dir - straight line, f - orc warlord
Aim: an orc warlord, wielding a +4 battleaxe and wearing a +0 plate armour (heavily wounded, covered in acid, 83% to hit)
The bolt of acid hits the orc warlord!
The orc warlord is heavily wounded.
The bolt of acid hits the orc warrior!
The orc warrior seems to be corroded for longer.
The orc warrior is severely wounded.
Your butterfly disappears in a burst of colours! x2
The orc warlord hits you with a +4 battleaxe!
Aiming: Corrosive Bolt
Press: ? - help, Shift-Dir - straight line, f/p - orc warlord
Aim: an orc warlord, wielding a +4 battleaxe and wearing a +0 plate armour (heavily wounded, covered in acid, 83% to hit)
The bolt of acid misses the orc warlord.
The bolt of acid hits the orc warrior.
The orc warrior seems to be corroded for longer.
The orc warrior is almost dead.
Your butterfly disappears in a burst of colours! x3
The orc warlord hits you with a +4 battleaxe!
* * * LOW HITPOINT WARNING * * *
Your butterfly disappears in a burst of colours! x3
The orc warlord attacks as it pursues you!
The orc warlord hits you with a +4 battleaxe!
* * * LOW HITPOINT WARNING * * *
Okay, then.
Okay, then.
Okay, then.
You feel better.
Your butterfly disappears in a burst of colours!
You block the orc warlord's attack.
You feel better.
Your butterfly disappears in a burst of colours!
The orc warlord hits you with a +4 battleaxe!
* * * LOW HITPOINT WARNING * * *
You feel better.
Okay, then.
Okay, then.
You feel yourself speed up.
Your butterfly disappears in a burst of colours! x2
The orc warlord hits you with a +4 battleaxe!
You die...

#...........#))....))
#...........#......).
###.........###.......
###.#+#.....###.###.....
###.....###.###...
###.## ##.........###
.... ###. #.......b..8#
..... #..
#.b........8#.).... #..
#∩...bb...@.oo..... #..
#......b..o8#...... #..
#..........8# ..... #..
##....))...### .... ###.
###..).)###.###...
###.##
###.#'#.....###.###....)
###.........###......)
#...........#.......)
#...........#........


You could see an orc warlord (corroded) and 2 orc warriors.

Vanquished Creatures
  Pikel (D:5)
  A water moccasin (D:3)
  3 ice beasts
  9 orc warriors
  A sky beast (D:6)
  2 black bears
  A centaur (D:7)
  3 lemures (D:5)
  2 phantoms
  A bullfrog (D:7)
  6 scorpions
  2 jellies
  An orc priest (D:4)
  4 hounds
  Crazy Yiuf (D:3)
  A sleepcap (D:4)
  4 iguanas
  Terence (D:2)
  5 orc wizards
  7 gnolls
  10 adders
  2 shadow imps (D:5)
  A white imp (D:6)
  2 worms
  4 dart slugs
  44 orcs
  9 endoplasms
  2 giant cockroaches
  14 goblins
  12 hobgoblins
  13 jackals
  6 kobolds
  2 quokkas (D:4)
  8 ball pythons
  3 bats
  4 frilled lizards
  3 rats
195 creatures vanquished.

Vanquished Creatures (others)
  A rat (D:1)
1 creature vanquished.

Grand Total: 196 creatures vanquished

Notes
Turn   | Place    | Note
-------+----------+-------------------------------------------
     0 | D:1      | inmateoo the Minotaur Fighter began the quest for the Orb.
     0 | D:1      | Reached XP level 1. HP: 19/19 MP: 0/0
   197 | D:1      | Reached XP level 2. HP: 15/27 MP: 1/1
   344 | D:1      | Reached skill level 3 in Axes
   921 | D:2      | Noticed Terence
   924 | D:2      | Reached skill level 1 in Dodging
   924 | D:2      | Reached XP level 3. HP: 33/33 MP: 2/2
   929 | D:2      | Killed Terence
   983 | D:2      | Reached XP level 4. HP: 40/40 MP: 3/3
  1074 | D:2      | Found Eryza's Jewellery Shoppe.
  1575 | D:3      | Reached skill level 4 in Axes
  1751 | D:3      | Found a hazy altar of Hepliaklqana.
  1879 | D:3      | Reached XP level 5. HP: 47/47 MP: 4/4
  2050 | D:3      | Found a runed translucent door.
  2051 | D:3      | Noticed Crazy Yiuf
  2092 | D:3      | Noticed a water moccasin
  2098 | D:3      | Killed a water moccasin
  2120 | D:3      | Reached XP level 6. HP: 53/53 MP: 5/5
  2278 | D:3      | Reached skill level 5 in Axes
  2429 | D:3      | Killed Crazy Yiuf
  2511 | D:4      | Reached skill level 5 in Fighting
  2514 | D:4      | Reached skill level 5 in Shields
  2577 | D:4      | Reached skill level 5 in Armour
  2597 | D:4      | Reached XP level 7. HP: 20/61 MP: 6/6
  2608 | D:4      | HP: 2/61 [sleepcap (12)]
  2916 | D:4      | Reached skill level 6 in Axes
  3150 | D:5      | Entered Level 5 of the Dungeon
  3424 | D:5      | Reached XP level 8. HP: 52/70 MP: 7/7
  3578 | D:5      | Reached skill level 7 in Axes
  3772 | D:5      | Noticed Pikel
  3790 | D:5      | Killed Pikel
  3791 | D:5      | Reached skill level 8 in Axes
  4143 | D:6      | Reached XP level 9. HP: 71/78 MP: 8/8
  4292 | D:6      | Reached skill level 5 in Dodging
  4565 | D:6      | Reached skill level 9 in Axes
  4831 | D:7      | Found a staircase to the Ecumenical Temple.
  4850 | Temple   | Entered the Ecumenical Temple
  4869 | Temple   | Became a worshipper of the Shining One
  4943 | D:7      | Found a flagged portal.
  4953 | Bailey   | Entered a bailey
  5313 | Bailey   | Reached skill level 10 in Axes
  5389 | Bailey   | Noticed an orc warlord
  5405 | Bailey   | Slain by an orc warlord

Illustrated notes

Levels and vault maps discovered:
D:1:      sevenhm_arrival_forest_fort_large_2, layout_basic
D:2:      layout_basic, serial_shops, shop, uniq_terence
D:3:      layout_loops_ring, nicolae_hepliaklqana_hippocampus, serial_bayou,
          serial_bayou_lagoon_a, serial_bayou_pond_e, serial_bayou_ford_a,
          serial_bayou_pond_e, serial_bayou_pond_d, nicolae_half_adder,
          uniq_crazy_yiuf_cottage
D:4:      layout_rooms
D:5:      layout_rooms, dreamdust_mushroom_princess, uniq_pikel
D:6:      layout_basic
D:7:      layout_rooms, minmay_temple_entry_enclosed_plants, enter_bailey_4,
          uniq_duvessa
Temple:   compressed_dpeg_triangle_lava_temple
Bailey:   bailey_axe_minmay_hex_keep, bailey

Skill      XL: |  1  2  3  4  5  6  7  8  9 |
---------------+----------------------------+-----
Axes           | 3 4 5 6 8 10 | 10.1
Dodging        | 1 2 3 4 5 |  5.8
Fighting       | 4 5 6 7 |  7.8
Armour         | 4 5 6 7 |  7.8
Shields        | 4 5 6 7 |  7.7

Action                     |  1- 3 |  4- 6 |  7- 9 || total
---------------------------+-------+-------+-------++-------
  Melee: War axe           |    53 |   111 |   302 ||   466
         Headbutt          |     7 |    10 |    45 ||    62
  Evoke: Wand              |       |       |     8 ||     8
    Use: Scroll            |     1 |     5 |    11 ||    17
         Potion            |       |       |     4 ||     4
 Armour: Chain mail        |    44 |   123 |   192 ||   359
         Scale mail        |     3 |       |       ||     3
  Dodge: Dodged            |    25 |    44 |   149 ||   218
  Block: Buckler           |    18 |    29 |    98 ||   145

Table legend: (Time is in decaauts)
 A = Elapsed time spent in this place.
 B = Non-inter-level travel time spent in this place.
 C = Inter-level travel time spent in this place.
 D = Time resting spent in this place.
 E = Time spent auto-exploring this place.
 F = Levels seen in this place.
 G = Mean time per level.
                   A        B        C        D        E       F      G
               +--------+--------+--------+--------+--------+-----+--------+
         Total |   5527 |   5293 |    234 |    963 |   3101 |   9 |  614.1 |
       Dungeon |   5033 |   4818 |    215 |    809 |   3082 |   7 |  719.0 |
        Temple |     38 |     19 |     19 |      0 |      0 |   1 |   38.0 |
        Bailey |    455 |    455 |      0 |    154 |     19 |   1 |  455.0 |
               +--------+--------+--------+--------+--------+-----+--------+

Top non-repeatable levels by time:
     D:3: 1284 daAuts
     D:5: 886 daAuts
     D:1: 882 daAuts
     D:6: 701 daAuts
     D:2: 629 daAuts
  Bailey: 455 daAuts
     D:4: 452 daAuts
     D:7: 196 daAuts
  Temple: 38 daAuts
